 Dungeon Crawl Stone Soup version 0.31.0-32-g396128a36d (webtiles) character file.

Game seed: 18144714776975650613

6 PaiMei the Grave Robber (level 1, 0/13 HPs)
             Began as a Demonspawn Necromancer on Mar 8, 2024.
             Frozen to death by an endoplasm (3 damage)
             ... on level 1 of the Dungeon.
             The game lasted 00:00:10 (46 turns).

PaiMei the Grave Robber (Demonspawn Necromancer)      Turns: 46, Time: 00:00:10

Health: 0/13       AC:  2    Str:  8    XL:     1   Next: 75%
Magic:  0/3        EV: 12    Int: 15    God:
Gold:   18         SH:  0    Dex: 13    Spells: 3/4 levels left

rFire   . . .        c - +0 whip
rCold   . . .        (no shield)
rNeg    . . .        a - +0 robe
rPois   .            (no helmet)
rElec   .            (no cloak)
rCorr   .            (no gloves)
SInv    .            (no boots)
Will    .....        (no amulet)
Stlth   ++           (no ring)
HPRegen 0.22/turn    (no ring)
MPRegen 0.08/turn

%: no passive effects
@: no status effects
A: no striking features
a: no special abilities


You were on level 1 of the Dungeon.
You visited 1 branch of the dungeon, and saw 1 of its levels.

You collected 18 gold pieces.

Inventory:

Hand Weapons
 c - a +0 whip (weapon)
Armour
 a - a +0 robe (worn)
Potions
 b - a potion of magic


   Skills:
 + Level 1.9 Dodging
 + Level 1.9 Stealth
 + Level 2.1 Spellcasting
 + Level 4.4 Necromancy


You had 3 spell levels left.
You knew the following spells:

 Your Spells              Type           Power      Damage    Failure   Level
a - Necrotise             Necr           60%        1d7       3%          1

Your spell library contained the following spells:

 Spells                   Type           Power      Damage    Failure   Level
 Vampiric Draining        Necr           15%        2d7       11%         3
 Animate Dead             Necr           15%        N/A       34%         4
 Curse of Agony           Necr           15%        N/A       67%         5


Dungeon Overview and Level Annotations

Branches:
Dungeon (1/15)

Altars:


Message History

The ball python is severely wounded.
The ball python bites you. The ball python constricts you.
* * * LOW HITPOINT WARNING * * *
You hit the ball python.
You kill the ball python!
The ball python barely misses you. The ball python closely misses you.
Casting: Necrotise (safe; 3% risk of failure)
Confirm with . or Enter, or press ? or * to list all spells.
Aiming: Necrotise (safe; 3% risk of failure)
Press: ? - help, Shift-Dir - straight line, f - ball python
Aim: a ball python (chance to affect: 84%)
The ball python writhes in agony.
The ball python barely misses you. The ball python grabs you.
The ball python constricts you.
* * * LOW HITPOINT WARNING * * *
Casting: Necrotise (safe; 3% risk of failure)
Confirm with . or Enter, or press ? or * to list all spells.
Aiming: Necrotise (safe; 3% risk of failure)
Press: ? - help, Shift-Dir - straight line, f/p - ball python
Aim: a ball python (severely wounded, constricting you, chance to affect: 84%)
The ball python writhes in agony.
You kill the ball python!
The dead are slithering!
Casting: Necrotise (safe; 3% risk of failure)
Confirm with . or Enter, or press ? or * to list all spells.
Aiming: Necrotise (safe; 3% risk of failure)
Press: ? - help, Shift-Dir - straight line, f - giant cockroach
Aim: a giant cockroach (chance to affect: 84%)
The giant cockroach writhes in agony.
You kill the giant cockroach!
Your ball python skeleton bites the endoplasm but does no damage.
Casting: Necrotise (safe; 3% risk of failure)
Confirm with . or Enter, or press ? or * to list all spells.
You don't have enough magic to cast this spell.
Casting: Necrotise (safe; 3% risk of failure)
Confirm with . or Enter, or press ? or * to list all spells.
You don't have enough magic to cast this spell.
You hit the endoplasm but do no damage. The endoplasm freezes you.
You are frozen.
You die...

#+#########
..........#
#########.#.#
.......#.##.#
###+###.#.#.#
#.....#.#.#.#
#.....#.#.#.#####
+..<..'.#.#.'.'.# #
#.....#.#.#.###@# .#
#.....#.#.#.###J##.##
###+###.#.#.#..JZ...#
.#. #.#.#.....### # #
#.#.........#
..#..(....#.#
###J....#.# #
....b...#.#
....)..#..# #


You could see 2 endoplasms, a bat (wandering) and a friendly ball python
skeleton.

Vanquished Creatures
  3 ball pythons (D:1)
  A giant cockroach (D:1)
  A kobold (D:1)
5 creatures vanquished.

Notes
Turn   | Place    | Note
-------+----------+-------------------------------------------
     0 | D:1      | PaiMei the Demonspawn Necromancer began the quest for the
                  | Orb.
     0 | D:1      | Reached XP level 1. HP: 13/13 MP: 3/3
    46 | D:1      | Frozen to death by an endoplasm

Illustrated notes

Levels and vault maps discovered:
D:1:      matt_arrival_los_fun, layout_basic, st_stairs_3,
          chequers_serial_rivers_large_a, minmay_pentomino_w4

Action                     || total
---------------------------++-------
  Melee: Whip              ||     5
   Cast: Necrotise         ||     4
 Armour: Robe              ||     4
  Dodge: Dodged            ||    10
